 Dungeon Crawl Stone Soup version 0.28-a0-706-gf6f64a616a (webtiles) character file.

Game seed: 4458559463508223380

2 KoroneIsBestGirl the Covered (level 1, 0/19 HPs)
             Began as a Barachi Fighter on Oct 24, 2021.
             Slain by a gnoll (5 damage)
             ... on level 1 of the Dungeon.
             The game lasted 00:00:05 (97 turns).

KoroneIsBestGirl the Covered (Barachi Fighter)        Turns: 97, Time: 00:00:06

Health: 0/19       AC:  6    Str: 17    XL:     1   Next: 30%
Magic:  1/1        EV:  9    Int:  8    God:
Gold:   34         SH:  4    Dex: 11    Spells: 0/0 levels left

rFire   . . .      SeeInvis .   a - +0 long sword
rCold   . . .      Faith    .   c - +0 buckler
rNeg    . . .      Spirit   .   b - +0 scale mail
rPois   .          Reflect  .   (no helmet)
rElec   .          Harm     .   (no cloak)
rCorr   .          Rampage  .   (no gloves)
Will    .....                   (no boots)
Stlth   ..........              (no amulet)
HPRegen 0.06/turn               (no ring)
MPRegen 0.07/turn               (no ring)

@: slow
A: amphibious, slowness 1, strong legs 1, +LOS
a: Hop


You were on level 1 of the Dungeon.
You visited 1 branch of the dungeon, and saw 1 of its levels.

You collected 34 gold pieces.

Inventory:

Hand Weapons
 a - a +0 long sword (weapon)
Armour
 b - a +0 scale mail (worn)
 c - a +0 buckler (worn)
Scrolls
 e - a scroll of enchant armour {unknown}
Potions
 d - a potion of might


   Skills:
 + Level 3.6 Fighting
 + Level 2.4 Long Blades
 + Level 3.6 Armour
 + Level 3.3 Shields


You couldn't memorise any spells.
You didn't know any spells.
Your spell library was empty.

Dungeon Overview and Level Annotations

Branches:
Dungeon (1/15)

Altars:


Innate Abilities, Weirdness & Mutations

You are amphibious.
You cover ground slowly.
You can hop short distances.
You have an extended range of vision and can be seen from far away.


Message History

No target in view!
No target in view!
No target in view!
No target in view!
You see here a ball python corpse.
Found 29 sling bullets.
No target in view!
A rat comes into view.
The rat moves out of view.
You closely miss the rat. The rat bites you but does no damage.
You closely miss the rat. The rat bites you but does no damage.
A rat is nearby!
You hit the rat.
You kill the rat!
e - a scroll labelled FAMPESH QYRUU No target in view!
You now have 20 gold pieces (gained 11).
You now have 34 gold pieces (gained 14).
A gnoll comes into view. It is wielding a +0 club.
The gnoll shouts!
A gnoll is nearby!
A gnoll is nearby!
A gnoll is nearby!
The gnoll hits you but does no damage.
A gnoll is nearby!
You closely miss the gnoll. The gnoll hits you with a +0 club!
You slash the gnoll!
The gnoll is severely wounded.
The gnoll hits you with a +0 club. x2
* * * LOW HITPOINT WARNING * * *
You are too injured to fight recklessly!
You are too injured to fight recklessly!
A gnoll is nearby!
You are too injured to fight recklessly!
You are too injured to fight recklessly!
A gnoll is nearby!
You hit the gnoll.
The gnoll is severely wounded.
The gnoll hits you with a +0 club.
You die...

...........# #.#
####.##.#### #.# #.##.#
#.# ##.##.# #.#########
##.....# #.........#####
##......#
######.........
#.......## #.########
.........# ###########.#
#.......## #...g@......#
##...........###########
##.....### . ##....# .#
##...# . ...# .# ...# .
..#


You could see a gnoll.

Vanquished Creatures
  A ball python (D:1)
  A rat (D:1)
2 creatures vanquished.

Notes
Turn   | Place    | Note
-------+----------+-------------------------------------------
     0 | D:1      | KoroneIsBestGirl the Barachi Fighter began the quest for
                  | the Orb.
     0 | D:1      | Reached XP level 1. HP: 18/18 MP: 1/1
    97 | D:1      | Slain by a gnoll

Illustrated notes

Levels and vault maps discovered:
D:1:      dpeg_arrival_more_subterranean_lakeside_camping, layout_loops_ring,
          ebering_ecumenical_altar_abandoned

Action                   || total
-------------------------++-------
Melee: Long sword        ||     7
Armor: Scale mail        ||     3

Table legend: (Time is in decaauts)
 A = Elapsed time spent in this place.
 B = Non-inter-level travel time spent in this place.
 C = Inter-level travel time spent in this place.
 D = Time resting spent in this place.
 E = Time spent auto-exploring this place.
 F = Levels seen in this place.
 G = Mean time per level.
                   A        B        C        D        E       F      G
               +--------+--------+--------+--------+--------+-----+--------+
         Total |    116 |    116 |      0 |      0 |     94 |   1 |  116.0 |
       Dungeon |    116 |    116 |      0 |      0 |     94 |   1 |  116.0 |
               +--------+--------+--------+--------+--------+-----+--------+

Top non-repeatable levels by time:
     D:1: 116 daAuts
